 Dungeon Crawl Stone Soup version 0.29.1-15-g9cfb28693d (webtiles) character file.

Game seed: 13141863218197846420

44 H0rd4k the Charlatan (level 3, 0/26 HPs)
             Began as a Human Artificer on Apr 13, 2023.
             Slain by a goblin
             ... wielding a +0 club
              (2 damage)
             ... on level 2 of the Dungeon.
             The game lasted 00:01:01 (1659 turns).

H0rd4k the Charlatan (Human Artificer)              Turns: 1659, Time: 00:01:02

Health: 0/26       AC:  3    Str: 12    XL:     3   Next: 87%
Magic:  3/3        EV: 11    Int: 13    God:
Gold:   53         SH:  0    Dex: 13    Spells: 2/2 levels left

rFire   . . .      SeeInvis .   a - +0 club
rCold   . . .      Faith    .   (no shield)
rNeg    . . .      Spirit   .   b - +0 leather armour
rPois   .          Reflect  .   (no helmet)
rElec   .          Harm     .   (no cloak)
rCorr   .          Rampage  .   (no gloves)
Will    .....                   (no boots)
Stlth   +.........              (no amulet)
HPRegen 0.08/turn               (no ring)
MPRegen 0.08/turn               (no ring)

@: no status effects
A: no striking features
a: no special abilities


You were on level 2 of the Dungeon.
You visited 1 branch of the dungeon, and saw 2 of its levels.

You collected 53 gold pieces.

Inventory:

Hand Weapons
 a - a +0 club (weapon)
Armour
 b - a +0 leather armour (worn)
Wands
 c - a wand of flame (14) (quivered)
 d - a wand of charming (15)
 e - a wand of iceblast (5)
Scrolls
 g - 3 scrolls of identify {unknown}
 h - a scroll of fear {unknown}
 j - a scroll of blinking {unknown}
Potions
 f - a potion of curing
 i - a potion of experience {unknown}


   Skills:
 + Level 1.1 Fighting
 + Level 1.3 Maces & Flails
 + Level 2.4 Armour
 + Level 1.5 Dodging
 + Level 1.1 Stealth
 + Level 3.5 Evocations


You had 2 spell levels left.
You didn't know any spells.
Your spell library contained the following spells:

 Spells                   Type           Power      Damage    Failure   Level
 Slow                     Hex            0%         N/A       36%         1
 Scorch                   Fire           0%         2d5       52%         2
 Confusing Touch          Hex            0%         N/A       75%         3
 Vampiric Draining        Necr           0%         2d6       75%         3
 Flame Wave               Conj/Fire      0%         2d4       98%         4
 Dispersal                Tloc           0%         N/A       100%        6
 Summon Cactus Giant      Summ           0%         N/A       100%        6
 Disjunction              Tloc           0%         N/A       100%        8


Dungeon Overview and Level Annotations

Branches:
Dungeon (2/15)

Altars:


Message History

You are too injured to fight recklessly!
You are too injured to fight recklessly!
You are too injured to fight recklessly!
You are too injured to fight recklessly!
A frilled lizard is nearby!
A frilled lizard is nearby!
You hit the frilled lizard.
The frilled lizard is heavily wounded.
The frilled lizard bites you.
You barely miss the frilled lizard.
The frilled lizard is heavily wounded.
The frilled lizard closely misses you. The frilled lizard bites you.
The goblin shouts!
You hit the frilled lizard.
You kill the frilled lizard!
You hit the goblin.
The goblin is heavily wounded.
The goblin hits you with a +0 club.
You barely miss the goblin.
The goblin is heavily wounded.
The goblin barely misses you.
You hit the goblin but do no damage. You punch the goblin.
The goblin is almost dead.
The goblin drinks a potion.
The goblin is healed!
You barely miss the goblin. The goblin hits you with a +0 club.
* * * LOW HITPOINT WARNING * * *
The goblin barely misses you.
You barely miss the goblin. The goblin hits you but does no damage.
You barely miss the goblin. The goblin hits you with a +0 club.
* * * LOW HITPOINT WARNING * * *
You hit the goblin but do no damage. The goblin hits you with a +0 club.
* * * LOW HITPOINT WARNING * * *
You closely miss the goblin. You punch the goblin, but do no damage.
The goblin hits you but does no damage. The goblin closely misses you.
You hit the goblin but do no damage. The goblin closely misses you.
You hit the goblin but do no damage. The goblin misses you.
A goblin is nearby!
A goblin is nearby!
You barely miss the goblin. The goblin hits you with a +0 club.
You die...

.. #.# #..# #.#
#.# #..# .. #.#
##..# #. #.##
#..## #.####<##..#
#..#
#..........####..#
............)...##
##.....†...#
#.@......###
#.g..........#
#.............
........#.#....#
................#
####.......###.#..
#.......# !##.
#.......#


You could see a goblin.

Vanquished Creatures
  An adder (D:2)
  2 dart slugs
  2 ball pythons (D:1)
  A bat (D:1)
  3 endoplasms
  2 giant cockroaches (D:1)
  6 goblins
  2 hobgoblins (D:1)
  4 jackals (D:1)
  2 frilled lizards
  A kobold (D:2)
  A rat (D:2)
27 creatures vanquished.

Notes
Turn   | Place    | Note
-------+----------+-------------------------------------------
     0 | D:1      | H0rd4k the Human Artificer began the quest for the Orb.
     0 | D:1      | Reached XP level 1. HP: 15/15 MP: 1/1
   169 | D:1      | Reached XP level 2. HP: 19/21 MP: 2/2
   734 | D:1      | Reached XP level 3. HP: 17/26 MP: 3/3
  1299 | D:2      | Reached skill level 1 in Maces & Flails
  1655 | D:2      | HP: 1/26 [goblin/+0 club (2)]
  1659 | D:2      | Slain by a goblin

Illustrated notes

Levels and vault maps discovered:
D:1:      wander_arrival_fairy_ring, layout_loops_ring, supply_closet_lemuel
D:2:      layout_rooms, minmay_large_rounded_square, uniq_terence

Skill      XL: |  1  2  3 |
---------------+----------+-----
Maces & Flails | 1 |  1.3
Fighting       | |  1.1
Armour         | |  2.4
Dodging        | |  1.5
Stealth        | |  1.1
Evocations     | |  3.5

Action                   || total
-------------------------++-------
Melee: Club              ||   157
       Punch             ||     3
Evoke: Wand              ||     1
 Stab: Sleeping          ||     3
Armor: Leather armour    ||    67
Dodge: Dodged            ||   109
